 Dungeon Crawl Stone Soup version 0.30-a0-808-g6e0788376e (webtiles) character file.

Game seed: 4145634925804664973

2 cforsyth the Sneak (level 1, 0/12 HPs)
             Began as a Kobold Brigand on Feb 26, 2023.
             Slain by a gnoll
             ... wielding a +0 flail
              (9 damage)
             ... on level 1 of the Dungeon.
             The game lasted 00:00:04 (34 turns).

cforsyth the Sneak (Kobold Brigand)                   Turns: 34, Time: 00:00:05

Health: 0/12       AC:  3    Str:  8    XL:     1   Next: 33%
Magic:  1/1        EV: 11    Int: 12    God:
Gold:   14         SH:  0    Dex: 16    Spells: 0/0 levels left

rFire   . . .      SeeInvis .    a - +2 dagger
rCold   . . .      Faith    .    (no shield)
rNeg    . . .      Spirit   .    b - +0 robe
rPois   .          Reflect  .    (no helmet)
rElec   .          Harm     .    c - +0 cloak
rCorr   .          Rampage  .    (no gloves)
Will    .....                    (no boots)
Stlth   ++++                     (no amulet)
HPRegen 0.22/turn                (no ring)
MPRegen 0.07/turn                (no ring)

@: constricted
A: small, no large weapons, nightstalker 3
a: no special abilities


You were on level 1 of the Dungeon.
You visited 1 branch of the dungeon, and saw 1 of its levels.

You collected 14 gold pieces.

Inventory:

Hand Weapons
 a - a +2 dagger (weapon)
Missiles
 d - 9 poisoned darts (quivered)
 e - 3 curare-tipped darts
Armour
 b - a +0 robe (worn)
 c - a +0 cloak (worn)
Potions
 f - a potion of curing {unknown}


   Skills:
 + Level 2.2 Fighting
 + Level 2.7 Short Blades
 - Level 2.1 Throwing
 + Level 1.3 Dodging
 + Level 5.3 Stealth


You couldn't memorise any spells.
You didn't know any spells.
Your spell library was empty.

Dungeon Overview and Level Annotations

Branches:
Dungeon (1/15)

Altars:


Innate Abilities, Weirdness & Mutations

You are small and have problems with some larger weapons.
You are completely attuned to the shadows.


Message History

A frilled lizard is nearby!
A frilled lizard is nearby!
A frilled lizard is nearby!
A frilled lizard is nearby!
A hobgoblin comes into view.
Found a stone staircase leading down.
The helpless frilled lizard fails to defend itself.
You impale the frilled lizard!!
You kill the frilled lizard!
The hobgoblin shouts!
The hobgoblin barely misses you.
You hit the hobgoblin.
You kill the hobgoblin!
Found an escape hatch in the floor.
You see here a frilled lizard corpse.
f - a bubbling inky potion No target in view!
No target in view!
No target in view!
Found a stone staircase leading down.
Found a robe.
A ball python comes into view.
There is a stone staircase leading down here.
A ball python is nearby!
A ball python is nearby!
The ball python hisses angrily.
You hear a shout!
A gnoll comes into view. It is wielding a +0 flail.
You hear a bark! x2
The ball python bites you. The ball python grabs you.
The ball python constricts you.
A jackal comes into view.
You hit the ball python.
The ball python is severely wounded.
The ball python barely misses you. The ball python constricts you.
You barely miss the ball python.
The ball python is severely wounded.
The ball python bites you. The ball python constricts you.
The gnoll hits you with a +0 flail!
Ouch! That really hurt!
You die...

#.P...P.#.##........
#.......#...........
#...<...###.#.......
#.......# ..#.......
#.P...P...###.######
#.......## #.#####
#..#.##.. #>[....
#...... #.@....
#.gS... ..h.....
......... .........


You could see a gnoll, a jackal and a ball python.

Vanquished Creatures
  A hobgoblin (D:1)
  A frilled lizard (D:1)
2 creatures vanquished.

Notes
Turn   | Place    | Note
-------+----------+-------------------------------------------
     0 | D:1      | cforsyth the Kobold Brigand began the quest for the Orb.
     0 | D:1      | Reached XP level 1. HP: 12/12 MP: 1/1
    34 | D:1      | Slain by a gnoll

Illustrated notes

Levels and vault maps discovered:
D:1:      dpeg_arrival_orchard, layout_rooms, minmay_pentomino_z2

Action                     || total
---------------------------++-------
  Melee: Dagger            ||     4
   Stab: Sleeping          ||     1
  Dodge: Dodged            ||     2

Table legend: (Time is in decaauts)
 A = Elapsed time spent in this place.
 B = Non-inter-level travel time spent in this place.
 C = Inter-level travel time spent in this place.
 D = Time resting spent in this place.
 E = Time spent auto-exploring this place.
 F = Levels seen in this place.
 G = Mean time per level.
                   A        B        C        D        E       F      G
               +--------+--------+--------+--------+--------+-----+--------+
         Total |     33 |     33 |      0 |      0 |     18 |   1 |   33.0 |
       Dungeon |     33 |     33 |      0 |      0 |     18 |   1 |   33.0 |
               +--------+--------+--------+--------+--------+-----+--------+

Top non-repeatable levels by time:
     D:1: 33 daAuts
